 Dungeon Crawl Stone Soup version 0.19.3-4-gbf9329e (console) character file.

4217 Kloppie the Fighter (level 10, -1/83 HPs)
             Began as a Demonspawn Berserker on Jan 28, 2017.
             Was an Elder of Trog.
             Slain by Jerry's ghost (14 damage)
             ... on level 8 of the Dungeon.
             The game lasted 00:11:39 (7608 turns).

Kloppie the Fighter (Demonspawn Berserker)          Turns: 7608, Time: 00:11:40

Health: -1/83      AC: 12    Str: 20    XL:     10   Next: 9%
Magic:  19/19      EV: 11    Int:  9    God:    Trog [****..]
Gold:   494        SH:  0    Dex: 15    Spells: 0 memorised, 9 levels left

rFire  + . .     SeeInvis .     b - +1 war axe
rCold  . . .     Gourm    .     i - +0 ring mail
rNeg   . . .     Faith    .     (no shield)
rPois  .         Spirit   .     (no helmet)
rElec  .         Reflect  .     (no cloak)
rCorr  .         Harm     .     s - +1 pair of gloves
MR     .....                    (no boots)
Stlth  +.........               (no amulet)
                                x - ring of magical power
                                u - +2 ring of strength

@: exhausted, slowed, very slow
A: talons 1, icy blue scales 2, fire resistance 1, powered by pain 2
a: Berserk, Trog's Hand, Brothers in Arms, Burn Spellbooks, Renounce Religion


You were on level 8 of the Dungeon.
You worshipped Trog.
Trog was greatly pleased with you.
You were very hungry.

You visited 1 branch of the dungeon, and saw 8 of its levels.
You also visited: Sewer and Ossuary.

You collected 527 gold pieces.
You spent 33 gold pieces at shops.

Inventory:

Hand Weapons
 a - a +0 hand axe
 b - a +1 war axe (weapon)
 l - a +1 flail of crushing
Armour
 i - a +0 ring mail (worn)
 s - a +1 pair of gloves (worn)
Jewellery
 u - a +2 ring of strength (left hand)
 x - a ring of magical power (right hand)
Wands
 p - a wand of paralysis (13/24)
 r - a wand of paralysis (5/24)
Scrolls
 g - 2 scrolls of blinking
 h - 4 scrolls of remove curse
 o - 4 scrolls of teleportation
 q - 2 scrolls of identify
Potions
 d - a potion of flight
 e - 4 potions of brilliance
 f - a potion of magic
 k - 4 potions of curing
 t - a potion of heal wounds
 w - a potion of cancellation
Books
 m - a book of Changes

   Spells                             Type                      Level
   a - Beastly Appendage              Transmutation                1
   b - Sticks to Snakes               Transmutation                2
   c - Spider Form                    Transmutation/Poison         3
   d - Ice Form                       Ice/Transmutation            4
   e - Blade Hands                    Transmutation                5
   Trog disapproves of the use of such an item.
 v - a book of Cantrips

   Spells                             Type                      Level
   a - Confusing Touch                Hexes                        1
   b - Animate Skeleton               Necromancy                   1
   c - Summon Small Mammal            Summoning                    1
   d - Apportation                    Translocation                1
   Trog disapproves of the use of such an item.
Comestibles
 c - 8 bread rations
 j - 2 beef jerkies
 n - 6 chunks of flesh
 z - a meat ration
 A - a slice of pizza


   Skills:
 * Level 9.0 Fighting
 + Level 8.2 Axes
 - Level 8.0 Armour
 - Level 1.7 Dodging


You had 9 spell levels left.
You didn't know any spells.

Dungeon Overview and Level Annotations

Branches:
Dungeon (8/15)             Temple (0/1) D:4
   Lair: D:8-11

Altars:
Elyvilon
Hepliaklqana
Kikubaaqudgha
Qazlal
Ru
Vehumet
Xom

Shops:
D:4 *

Annotations:
D:8 Jerry's ghost, novice DgFi


Innate Abilities, Weirdness & Mutations

You have sharp toenails.
You are mostly covered in icy blue scales. (AC +3)
Your flesh is heat resistant. (rF+)
You sometimes gain power by taking damage.


Message History

* * * LOW HITPOINT WARNING * * *
You slash Jerry's ghost! Your kick misses Jerry's ghost.
Jerry's ghost is severely damaged.
Jerry's ghost hits you.
* * * LOW HITPOINT WARNING * * *
You barely miss Jerry's ghost.
Jerry's ghost is severely damaged.
You hit Jerry's ghost but do no damage.
Jerry's ghost is severely damaged.
Jerry's ghost misses you.
You slash Jerry's ghost! Your kick misses Jerry's ghost.
Jerry's ghost is almost destroyed.
You are no longer berserk.
You are exhausted.
You feel yourself slow down. Jerry's ghost hits you!
* * * LOW HITPOINT WARNING * * *
You completely miss Jerry's ghost. Your kick misses Jerry's ghost.
Jerry's ghost is almost destroyed.
Jerry's ghost hits you!
You die...

.. #. ...## ## .. #...#
.. .###### #...#### #.
.....# #......
.##..##.##.######...####
...(..W.##.##...........
.:##@................
#........##....>......
....###.#######.#.......
## #.# #####.#.## #.#
###.# #.# ### ..# ###


You could see Jerry's ghost.

Vanquished Creatures
  The ghost of tschems the Cleaver, a novice HuFi of Okawaru (D:7)
  Grinder (D:4)
  A spriggan (D:7)
  The ghost of toffzen the Cudgeler, an amateur GrGl (D:3)
  Edmund (D:4)
  3 sky beasts
  2 ice beasts
  An orc warrior (D:6)
  An eye of draining (D:5)
  2 ogres
  2 centaurs
  5 big kobolds (Sewer)
  5 bullfrogs
  2 scorpions (D:7)
  A howler monkey (D:4)
  3 crimson imps
  A bullfrog skeleton (D:7)
  A centaur zombie (Ossuary)
  4 hounds
  2 jellies
  A centaur skeleton (D:7)
  5 orc priests
  4 orc wizards
  2 iguanas
  3 worker ants (D:4)
  6 big kobold zombies (Ossuary)
  A hound skeleton (D:7)
  2 worker ant zombies
  2 mummies (Ossuary)
  16 adders
  7 gnolls (D:2)
  2 river rats (Sewer)
  A shadow imp (D:6)
  2 oozes
  5 worms
  2 dart slugs
  3 leopard geckos
  10 orcs
  5 giant cockroaches
  5 goblins
  6 hobgoblins
  14 jackals
  10 kobolds
  3 quokkas
  3 ball pythons (Sewer)
  8 bats
  11 frilled lizards
  2 goblin zombies (Ossuary)
  A hobgoblin zombie (Ossuary)
  A kobold zombie (D:7)
  A leopard gecko skeleton (D:4)
  A leopard gecko zombie (D:7)
  4 orc zombies (Ossuary)
  A quokka zombie (D:5)
  4 rats
194 creatures vanquished.

Vanquished Creatures (others)
  4 fungi (D:5)
4 creatures vanquished.

Grand Total: 198 creatures vanquished

Notes
Turn   | Place    | Note
-------+----------+-------------------------------------------
     0 | D:1      | Kloppie the Demonspawn Berserker began the quest for the Orb.
     0 | D:1      | Reached XP level 1. HP: 18/18 MP: 1/1
     6 | D:1      | Found a shimmering altar of Xom.
   465 | D:1      | Gained mutation: Your flesh is heat resistant. (rF+) [demonic ancestry]
   465 | D:1      | Reached XP level 2. HP: 24/24 MP: 2/2
   844 | D:1      | Reached ** piety under Trog
   845 | D:1      | Reached XP level 3. HP: 30/30 MP: 3/3
  1503 | D:2      | Reached skill level 4 in Fighting
  1516 | D:2      | Gained mutation: You sometimes gain a little power by taking damage. [demonic ancestry]
  1516 | D:2      | Reached XP level 4. HP: 12/37 MP: 4/4
  1725 | D:2      | Found a faded altar of an unknown god.
  2467 | D:3      | Noticed toffzen's ghost (amateur GrGl)
  2477 | D:3      | Killed toffzen's ghost
  2477 | D:3      | Reached skill level 5 in Fighting
  2477 | D:3      | Reached XP level 5. HP: 27/44 MP: 5/5
  2848 | D:3      | Gained mutation: You are partially covered in icy blue scales. (AC +2) [demonic ancestry]
  2848 | D:3      | Reached XP level 6. HP: 52/52 MP: 6/6
  3140 | D:4      | Reached skill level 6 in Fighting
  3224 | D:4      | Reached *** piety under Trog
  3291 | D:4      | Noticed Edmund
  3308 | D:4      | Killed Edmund
  3308 | D:4      | Reached XP level 7. HP: 59/59 MP: 7/7
  3346 | D:4      | Noticed Grinder
  3359 | D:4      | Killed Grinder
  3359 | D:4      | Reached skill level 7 in Fighting
  3359 | D:4      | Reached skill level 5 in Axes
  3497 | D:4      | Found Tiwukual's General Store.
  3501 | D:4      | Bought a potion of curing for 33 gold pieces
  3544 | D:4      | Found a staircase to the Ecumenical Temple.
  4015 | D:5      | Entered Level 5 of the Dungeon
  4042 | D:5      | Found a glowing drain.
  4264 | Sewer    | Entered a sewer
  4300 | Sewer    | Reached skill level 8 in Fighting
  4376 | Sewer    | Gained mutation: You have sharp toenails. [demonic ancestry]
  4376 | Sewer    | Reached XP level 8. HP: 68/68 MP: 8/8
  4933 | D:5      | Found a radiant altar of Vehumet.
  4934 | D:5      | Found an ancient bone altar of Kikubaaqudgha.
  4934 | D:5      | Found a stormy altar of Qazlal.
  5022 | D:5      | Found a hazy altar of Hepliaklqana.
  5024 | D:5      | Found a white marble altar of Elyvilon.
  5425 | D:6      | Reached **** piety under Trog
  5425 | D:6      | Reached skill level 5 in Armour
  5569 | D:6      | Found a sacrificial altar of Ru.
  5633 | D:6      | Gained mutation: You are mostly covered in icy blue scales. (AC +3) [demonic ancestry]
  5633 | D:6      | Reached XP level 9. HP: 45/74 MP: 9/9
  6228 | D:7      | Found a stormy altar of Qazlal.
  6245 | D:7      | Found a sand-covered staircase.
  6264 | Ossuary  | Entered an ossuary
  6488 | D:7      | Noticed tschems's ghost (novice HuFi)
  6502 | D:7      | Killed tschems's ghost
  7405 | D:7      | Gained mutation: You sometimes gain power by taking damage. [demonic ancestry]
  7405 | D:7      | Reached XP level 10. HP: 78/82 MP: 10/10
  7537 | D:8      | Reached skill level 9 in Fighting
  7590 | D:8      | Noticed Jerry's ghost (novice DgFi)
  7608 | D:8      | Slain by Jerry's ghost

Skill      XL: |  1  2  3  4  5  6  7  8  9 10 |
---------------+-------------------------------+-----
Axes           | 3 4 5 6 8 |  8.2
Fighting       | 4 5 6 8 9 |  9.0
Armour         | 5 8 |  8.0
Dodging        | |  1.7

Action                   |  1- 3 |  4- 6 |  7- 9 | 10-12 || total
-------------------------+-------+-------+-------+-------++-------
Melee: Hand axe          |   120 |    84 |       |       ||   204
       War axe           |       |    56 |   449 |    50 ||   555
       Kick              |       |       |   112 |    14 ||   126
Invok: Berserk           |     4 |     6 |     5 |     1 ||    16
       Trog's Hand       |       |     2 |     2 |       ||     4
Evoke: Wand              |       |       |     4 |       ||     4
  Use: Scroll            |       |     5 |     6 |       ||    11
       Potion            |       |     4 |     1 |       ||     5
 Stab: Sleeping          |     1 |       |       |       ||     1
       Paralysed         |       |       |     7 |       ||     7
  Eat: Chunk             |     5 |    11 |    13 |     2 ||    31
       Meat ration       |       |       |     1 |       ||     1
       Royal jelly       |       |       |     1 |       ||     1
Armor: Animal skin       |    20 |       |       |       ||    20
       Leather armour    |    29 |       |       |       ||    29
       Ring mail         |       |    54 |   188 |    20 ||   262
Dodge: Dodged            |    92 |   103 |   260 |    14 ||   469
